 Dungeon Crawl Stone Soup version 0.22-a0-553-g9358b0b (webtiles) character file.

8 inc the Chiller (level 2, -1/17 HPs)
             Began as an Octopode Ice Elementalist on June 25, 2018.
             Slain by a hobgoblin (5 damage)
             ... on level 1 of the Dungeon.
             The game lasted 00:00:14 (107 turns).

inc the Chiller (Octopode Ice Elementalist)          Turns: 107, Time: 00:00:15

Health: -1/17      AC:  1    Str:  7    XL:     2   Next: 8%
Magic:  3/5        EV: 13    Int: 17    God:
Gold:   14         SH:  0    Dex: 12    Spells: 4/5 levels left

rFire    . . .     SeeInvis .   (no weapon)
rCold    . . .     Gourm    .   (no shield)
rNeg     . . .     Faith    .   (helmet restricted)
rPois    .         Spirit   .   (no amulet)
rElec    .         Reflect  .   (no ring)
rCorr    .         Harm     .   (no ring)
MR       .....                  (no ring)
Stlth    +++.......             (no ring)
HPRegen  0.05/turn              (no ring)
MPRegen  0.09/turn              (no ring)
                                (no ring)
                                (no ring)

@: no status effects
A: almost no armour, stealthy swim, amphibious, 8 rings, constrict 8, camouflage
1, gelatinous body 1
a: no special abilities


You were on level 1 of the Dungeon.
You were not hungry.

You visited 1 branch of the dungeon, and saw 1 of its levels.

You collected 14 gold pieces.

Inventory:

Comestibles
 b - a ration


   Skills:
 - Level 2.0 Dodging
 - Level 2.6 Stealth
 - Level 2.0 Spellcasting
   Level 1.0 Conjurations
 + Level 3.5 Ice Magic


You had 4 spell levels left.
You knew the following spells:

 Your Spells              Type           Power        Failure   Level  Hunger
a - Freeze                Ice            ##..         4%          1    #......

Your spell library contained the following spells:

 Spells                   Type           Power        Failure   Level  Hunger
 Throw Frost              Conj/Ice       #.....       12%         2    ###....
 Summon Ice Beast         Ice/Summ       #.......     67%         4    #####..
 Ozocubu's Armour         Chrm/Ice       #.......     28%         3    ###....
 Throw Icicle             Conj/Ice       #.......     58%         4    #####..


Dungeon Overview and Level Annotations

Branches:
Dungeon (1/15)

Altars:


Innate Abilities, Weirdness & Mutations

You cannot wear most types of armour.
You are very stealthy in the water. (Stealth+)
You are amphibious.
You can wear up to eight rings at the same time.
You can use your tentacles to constrict eight enemies at once.
Your skin changes colour to match your surroundings (Stealth+).
Your rubbery body absorbs attacks. (AC +1, EV +1)


Message History

Confirm with . or Enter, or press ? or * to list all spells.
Aiming: Freeze (safe; 4% risk of failure)
Press: ? - help, Shift-Dir - straight line, f - bat
Aim: a bat (moderately wounded)
You freeze the bat.
You kill the bat!
You constrict the hobgoblin. The goblin barely misses you.
The hobgoblin hits you.
Casting: Freeze (safe; 4% risk of failure)
Confirm with . or Enter, or press ? or * to list all spells.
Aiming: Freeze (safe; 4% risk of failure)
Press: ? - help, Shift-Dir - straight line, f - leopard gecko
Aim: a leopard gecko (clinging)
You freeze the leopard gecko.
The leopard gecko is almost dead.
You constrict the hobgoblin. The goblin hits you with a club.
* * * LOW HITPOINT WARNING * * *
The leopard gecko bites you but does no damage.
The hobgoblin hits you.
You die...

#.# ## #.##.... .#
.......# ##.###
##.##...######....
..##...#... ...>
#.##...#.####..#
.###.##........lgg#
............####@[#
.###.)............##
.#........#.....K..##
......≈...#...(.....#
#..#...≈..#..≈...#..#
....#..≈..#..≈.$#....#
.....#..≈.#.≈.(#.....#
..≈...#.≈.#.≈.#...≈..#
(..≈≈..#.≈.≈.#..≈≈...#


You could see a leopard gecko, a hobgoblin, a goblin and a kobold.

Vanquished Creatures
  An ooze (D:1)
  2 bats (D:1)
  A hobgoblin (D:1)
4 creatures vanquished.

Notes
Turn   | Place    | Note
-------+----------+-------------------------------------------
     0 | D:1      | inc the Octopode Ice Elementalist began the quest for the Orb.
     0 | D:1      | Reached XP level 1. HP: 11/11 MP: 3/3
    45 | D:1      | Reached XP level 2. HP: 14/17 MP: 5/5
   107 | D:1      | Slain by a hobgoblin

Vault maps used:
D:1:      minmay_arrival_radiant_lines

Action                   || total
-------------------------++-------
Melee: Unarmed           ||    12
       Constrict         ||     4
       Tentacles         ||     2
 Cast: Freeze            ||     4
Armor: Skin              ||     2
Dodge: Dodged            ||    17

Table legend:
 A = Spawn XP
 B = Non-spawn XP
 C = Spawn XP percentage of total XP
 D = Spawn monster count
 E = Non-spawn monster count
 F = Spawn count percentage of total count
 G = Total turns spent on level
                    A         B        C        D         E        F      G
               +---------+---------+-------+---------+---------+-------+---------
         Total |       0 |      12 |   0.0 |       0 |       4 |   0.0 |   107
               +---------+---------+-------+---------+---------+-------+---------
           D:1 |       0 |      12 |   0.0 |       0 |       4 |   0.0 |   107
               +---------+---------+-------+---------+---------+-------+---------
